Map: 宿怨战场-天梯版

Players

Serral - Winner!

  • Race: Zerg Zerg

ShoWTimE

  • Race: Protoss Protoss

Event: WESG 2018 Grand Finals

VOD

Have the link to the VOD?

Description

Time

  • Played on: March 11, 2019, 7:40 a.m.
  • Length: 9:13

All games in this series

Show
View Real Time Build Order
Export as new Build Order

Serral Zerg - Winner!

Build Orders: Hatch First 

Get SALT Encoding   

  12  0:00  Drone  
  13  0:13  Overlord  
  13  0:17  Drone  
  14  0:32  Drone x2  
  14  0:35  Drone  
  17  0:57  Hatchery  
  17  0:58  Drone  
  17  1:01  Drone  
  18  1:12  Extractor  
  18  1:16  Spawning Pool  
  16  1:19  Drone  
  16  1:23  Drone  
  18  1:29  Drone  
  19  1:45  Overlord  
  20  1:54  Drone  
  20  1:58  Hatchery  
  20  2:03  Queen  
  20  2:06  Zergling x2  
  23  2:13  Metabolic Boost, Zergling x2  
  24  2:24  Zergling x2  
  24  2:28  Hatchery  
  24  2:41  Queen  
  26  2:47  Overlord  
  26  2:49  Drone  
  27  2:55  Drone  
  28  3:05  Drone  
  28  3:09  Queen  
  30  3:16  Drone x4  
  34  3:21  Drone  
  35  3:30  Overlord  
  35  3:31  Drone  
  35  3:32  Drone  
  37  3:40  Lair  
  36  3:44  Drone x3  
  38  3:49  Drone x2  
  38  3:51  Drone x2  
  38  3:55  Drone x2  
  44  4:01  Roach Warren  
  43  4:03  Drone  
  43  4:05  Drone  
  43  4:08  Drone  
  46  4:13  Drone  
  46  4:15  Drone  
  48  4:18  Overlord  
  48  4:19  Drone x3  
  48  4:21  Drone  
  48  4:23  Drone x2  
  54  4:26  Extractor x2  
  54  4:28  Drone  
  54  4:29  Overlord  
  53  4:35  Overlord  
  53  4:36  Zergling x2  
  53  4:37  Overseer  
  54  4:40  Zergling x4  
  56  4:46  Overlord  
  56  4:49  Glial Reconstitution  
  56  4:50  Drone  
  56  4:51  Drone  
  58  4:54  Zergling x8  
  58  4:57  Queen  
  58  4:59  Overlord  
  64  5:05  Zergling x4  
  66  5:10  Drone x3  
  69  5:14  Drone  
  69  5:18  Drone x2  
  71  5:23  Queen  
  71  5:26  Overlord, Overseer  
  71  5:28  Drone x5  
  78  5:30  Drone x4  
  78  5:33  Overlord  
  82  5:42  Extractor  
  81  5:43  Evolution Chamber, Spire  
  81  5:44  Drone x2  
  81  5:51  Drone x3  
  81  5:54  Roach x2  
  88  5:58  Roach x5  
  98  6:04  Extractor  
  98  6:06  Extractor  
  98  6:08  Roach x4  
  104  6:12  Zerg Missile Weapons Level 1  
  104  6:13  Overlord  
  104  6:14  Overlord  
  104  6:17  Overlord  
  103  6:28  Drone x2  
  103  6:32  Drone  
  106  6:33  Roach x7  
  120  6:41  Overlord  
  120  6:42  Drone x2  
  122  6:52  Overlord  
  122  6:54  Mutalisk  
  122  6:55  Mutalisk x2  
  122  6:57  Overlord x2  
  128  7:02  Spore Crawler x2  
  128  7:03  Spore Crawler x3  
  128  7:04  Mutalisk x3  
  128  7:05  Spore Crawler  
  128  7:11  Overlord x2  
  128  7:15  Overlord  
  134  7:19  Baneling Nest  
  133  7:23  Roach x7  
  133  7:25  Hatchery  
  146  7:35  Overlord  
  146  7:37  Ravager x3  
  146  7:39  Roach x6  
  146  7:41  Zergling x4  
  162  7:45  Zergling x8  
  162  7:50  Overlord x2  
  166  7:54  Zergling x6  
  169  8:04  Zergling x2  
  169  8:05  Zergling x8  
  174  8:13  Overlord  
  174  8:16  Zergling x12  
  180  8:22  Baneling x7  
  180  8:23  Baneling x15  
  180  8:24  Zergling x2  
  181  8:30  Zergling x10  
  181  8:31  Zergling x2  
  187  8:41  Ravager x2  
  189  8:42  Baneling x6  
  189  8:44  Zergling x14  
  194  8:54  Zergling x14  
Show
View Real Time Build Order
Export as new Build Order

ShoWTimE Protoss 

Build Orders: Chargelot Immortal 

Get SALT Encoding   

  12  0:00  Probe  
  13  0:12  Probe  
  14  0:18  Pylon  
  14  0:25  Probe  
  15  0:33  Assimilator  
  15  0:36  Probe  
  16  0:43  Gateway  
  16  0:44  Probe  
  17  0:52  Probe  
  18  1:03  Probe  
  19  1:15  Pylon, Probe  
  20  1:21  Zealot  
  20  1:27  Probe  
  23  1:33  Cybernetics Core  
  23  1:39  Probe  
  24  1:51  Probe  
  25  2:05  Adept  
  25  2:08  Nexus  
  27  2:18  Assimilator  
  27  2:22  Probe  
  28  2:25  Warp Gate  
  28  2:32  Pylon  
  28  2:35  Probe  
  29  2:42  Stalker  
  31  2:50  Probe  
  32  2:55  Robotics Facility  
  32  3:04  Probe  
  33  3:14  Probe  
  33  3:16  Probe  
  33  3:18  Sentry  
  36  3:22  Probe  
  36  3:24  Probe  
  38  3:29  Gateway  
  38  3:31  Probe  
  39  3:34  Probe  
  41  3:43  Probe  
  41  3:47  Probe  
  43  3:49  Warp Prism  
  43  3:55  Probe, Forge  
  44  3:58  Probe, Assimilator  
  44  4:01  Assimilator  
  45  4:06  Probe  
  45  4:07  Protoss Ground Weapons Level 1, Probe  
  45  4:09  Pylon  
  46  4:14  Sentry, Probe  
  49  4:19  Probe  
  49  4:23  Pylon  
  51  4:25  Probe, Observer  
  53  4:31  Probe  
  53  4:37  Stalker  
  53  4:38  Stalker  
  58  4:43  Pylon, Probe  
  59  4:53  Twilight Council  
  59  4:55  Immortal  
  59  4:57  Probe  
  64  5:05  Pylon  
  64  5:07  Stalker  
  64  5:13  Gateway  
  66  5:23  Gateway  
  66  5:34  Immortal, Charge  
  70  5:36  Sentry x2  
  74  5:50  Protoss Ground Weapons Level 2  
  74  5:53  Probe x2  
  76  6:02  Zealot  
  78  6:06  Nexus  
  78  6:07  Observer  
  78  6:09  Pylon  
  78  6:20  Templar Archives  
  78  6:23  Gateway  
  78  6:25  Gateway  
  78  6:30  Immortal  
  78  6:31  Gateway  
  82  6:33  Probe x2  
  84  6:45  Probe x2  
  84  6:47  Pylon  
  86  6:54  Photon Cannon  
  86  6:55  Photon Cannon, Stargate  
  86  6:57  Probe  
  86  6:58  Probe  
  88  7:04  Immortal  
  88  7:09  Photon Cannon, Probe  
  93  7:17  High Templar x2, Phoenix  
  93  7:20  Archon  
  93  7:21  Probe  
  93  7:22  Probe x2  
  100  7:32  Phoenix  
  100  7:33  Probe  
  100  7:34  Probe x2  
  103  7:37  Assimilator  
  103  7:41  Assimilator  
  103  7:43  Immortal  
  109  7:45  Probe  
  109  7:47  Pylon  
  109  7:48  Probe x2  
  109  7:55  Phoenix  
  109  7:57  Probe  
  111  8:00  Probe x2  
  112  8:09  Probe  
  112  8:11  Zealot x4, Phoenix  
  112  8:12  Probe x2  
  125  8:28  Probe  
  125  8:35  Photon Cannon  
  125  8:38  Pylon  
  125  8:39  Shield Battery, Pylon  
  125  8:41  Shield Battery x2  
  125  8:43  Pylon  
  125  8:48  Pylon  
  119  8:56  Zealot x4  
Tags
 
Add a new tag
Caveats
  • Supply blocks, unpowered buildings, or Contaminate may cause inaccurate times.
  • Supply counts are checked every 10 seconds.